Map: Dreamcatcher LE

Players

lIIllllIIlll (INnoVation)

  • Race: Terran Terran
  • League: Master
  • Spawn Location: 11:00

Serral - Winner!

  • Race: Zerg Zerg
  • League: Master
  • Spawn Location: 5:00

Event: HomeStory Cup XVIII

VOD

Have the link to the VOD?

Description

Time

  • Played on: Nov. 25, 2018, 4:26 p.m.
  • Length: 10:03

All games in this series

Show
View Real Time Build Order
Export as new Build Order

lIIllllIIlll Terran 

Build Orders: Gas First Reaper Expand, Liberator Opening, Reaper Expand 

Get SALT Encoding   

  12  0:00  SCV  
  13  0:12  SCV  
  14  0:17  Supply Depot  
  14  0:24  SCV  
  14  0:27  Refinery  
  15  0:38  SCV  
  16  0:44  Barracks  
  16  0:50  SCV  
  17  1:02  SCV  
  18  1:15  SCV  
  19  1:30  Orbital Command  
  19  1:31  Reaper  
  20  1:42  Command Center  
  20  1:52  Factory  
  20  1:56  SCV  
  21  2:05  Barracks Reactor  
  21  2:08  SCV  
  22  2:10  Supply Depot  
  22  2:14  Refinery  
  22  2:20  SCV  
  23  2:32  SCV  
  24  2:40  Starport  
  24  2:44  Hellion x2, SCV  
  28  2:46  Marine  
  30  2:55  Orbital Command  
  30  2:56  SCV  
  31  3:00  Liberator  
  31  3:05  Hellion  
  33  3:07  Hellion  
  33  3:12  SCV  
  38  3:24  SCV x2  
  40  3:32  Hellion x2  
  44  3:37  Supply Depot  
  44  3:40  SCV x2  
  46  3:58  SCV x2  
  46  3:59  Hellion x2  
  46  4:01  Supply Depot, Barracks Tech Lab  
  52  4:10  SCV x2  
  52  4:16  Command Center  
  54  4:23  Stimpack  
  54  4:24  Marine  
  54  4:27  SCV x2  
  54  4:28  Factory Tech Lab  
  57  4:37  Barracks  
  57  4:39  SCV x2  
  57  4:40  Barracks  
  57  4:41  Starport Reactor  
  60  4:49  Supply Depot  
  60  4:50  Siege Tank  
  59  4:53  SCV x2  
  59  4:56  Marine  
  62  5:02  Engineering Bay  
  62  5:03  Engineering Bay  
  54  5:17  Marine, SCV x2  
  50  5:25  Marine x2  
  50  5:27  Starport Reactor  
  50  5:29  Orbital Command, Refinery, SCV x2  
  50  5:30  Refinery  
  50  5:32  Terran Infantry Weapons Level 1  
  50  5:33  Terran Infantry Armor Level 1  
  50  5:35  Marine x2  
  52  5:36  Marine  
  52  5:40  Siege Tank  
  52  5:41  SCV  
  52  5:42  SCV  
  60  5:43  Marine  
  60  5:46  Marine  
  62  5:53  Marine, SCV  
  62  5:54  SCV  
  65  5:58  Orbital Command  
  65  5:59  Marine x2  
  65  6:01  Marine  
  65  6:04  Marine  
  68  6:05  Supply Depot, Medivac, SCV  
  68  6:06  Medivac, SCV  
  68  6:11  Marine  
  75  6:13  Supply Depot  
  75  6:18  Factory Reactor, SCV  
  76  6:19  SCV  
  76  6:22  Marine x4  
  76  6:24  SCV  
  82  6:26  Combat Shield  
  82  6:28  Marine  
  82  6:31  Armory  
  83  6:38  Supply Depot  
  83  6:39  SCV x2  
  86  6:40  Marine x4, SCV  
  86  6:44  Medivac x2  
  86  6:46  Marine  
  95  6:50  Supply Depot  
  95  6:52  Supply Depot, SCV  
  95  6:53  SCV x2  
  98  6:55  Widow Mine  
  98  6:58  Marine  
  98  6:59  Marine x3  
  106  7:04  Marine  
  106  7:07  SCV x2  
  109  7:12  SCV  
  109  7:15  Barracks  
  110  7:17  Barracks  
  103  7:23  Marine x2  
  103  7:24  Marine x2, Marauder  
  103  7:26  Siege Tank  
  105  7:30  Medivac x2  
  105  7:32  Bunker  
  105  7:34  Bunker  
  109  7:41  Terran Infantry Weapons Level 2  
  109  7:43  Marine  
  109  7:44  Marine x3  
  111  7:45  Marauder  
  111  7:46  Terran Infantry Armor Level 2  
  111  7:51  Supply Depot x2  
  115  7:58  Siege Tank  
  118  8:00  Bunker  
  118  8:02  Marine x4  
  120  8:06  Marauder  
  120  8:08  Barracks Reactor  
  120  8:09  SCV x2  
  120  8:12  Refinery, SCV  
  123  8:13  Refinery  
  123  8:14  Supply Depot  
  123  8:16  Supply Depot  
  122  8:25  Marine x6  
  128  8:28  Marauder  
  128  8:30  Siege Tank  
  128  8:33  Supply Depot x2  
  116  8:43  Marine x6  
  116  8:47  Medivac  
  116  8:48  Medivac  
  96  8:49  Marauder  
  96  8:51  Marine  
  84  8:59  Marine  
  84  9:01  Marine x4  
  84  9:02  Marine, Siege Tank  
  92  9:08  Marine  
  92  9:11  Marauder  
  94  9:17  Medivac  
  94  9:18  Medivac  
  94  9:20  Marine x2  
  94  9:21  Marine  
  88  9:24  Marine  
  82  9:32  Marauder  
  75  9:41  Marine x2  
Show
View Real Time Build Order
Export as new Build Order

Serral Zerg - Winner!

Build Orders: Pool First 

Get SALT Encoding   

  12  0:00  Drone  
  13  0:12  Overlord  
  13  0:17  Drone  
  14  0:30  Drone  
  14  0:31  Drone  
  17  0:35  Drone  
  17  0:44  Extractor  
  17  0:45  Drone  
  17  0:50  Spawning Pool  
  17  0:55  Drone  
  17  1:06  Drone  
  18  1:18  Hatchery  
  18  1:22  Drone  
  18  1:36  Queen  
  18  1:37  Zergling x2  
  21  1:43  Metabolic Boost  
  21  1:50  Overlord  
  21  1:55  Zergling x2  
  22  2:10  Drone x2  
  22  2:14  Queen  
  26  2:22  Drone  
  27  2:31  Drone  
  27  2:32  Queen, Drone  
  31  2:41  Drone  
  31  2:42  Drone  
  33  2:45  Drone x3  
  36  2:52  Overlord  
  36  3:09  Hatchery  
  36  3:11  Drone x2  
  36  3:12  Drone  
  36  3:15  Drone  
  36  3:18  Queen  
  39  3:21  Drone  
  39  3:25  Drone x2  
  42  3:27  Zergling x2  
  42  3:30  Overlord  
  43  3:34  Overlord  
  43  3:49  Zergling x6  
  43  3:51  Drone x2  
  43  3:53  Drone x2  
  43  3:54  Queen  
  52  3:57  Zergling x2  
  52  3:58  Zergling x2  
  52  3:59  Zergling x2  
  52  4:01  Overlord  
  55  4:09  Zergling x2  
  56  4:10  Spore Crawler  
  56  4:15  Drone  
  56  4:17  Zergling x2  
  56  4:21  Zergling x2  
  56  4:24  Queen  
  58  4:26  Zergling x2  
  58  4:27  Drone x3  
  58  4:28  Drone x3  
  67  4:32  Drone  
  67  4:33  Drone  
  67  4:37  Drone  
  70  4:41  Overlord  
  70  4:47  Zergling x2  
  70  4:49  Drone  
  70  4:52  Overlord  
  72  4:53  Overlord  
  72  4:59  Overlord  
  71  5:11  Zergling x6  
  71  5:12  Zergling x2  
  68  5:15  Drone x6  
  68  5:19  Drone  
  72  5:21  Drone  
  72  5:27  Evolution Chamber x2, Lair  
  71  5:29  Extractor x2  
  71  5:30  Extractor x2, Drone x2  
  71  5:33  Drone  
  70  5:36  Spore Crawler  
  70  5:37  Drone  
  70  5:40  Drone  
  70  5:41  Hatchery  
  70  5:45  Roach Warren  
  70  5:47  Drone x2  
  70  5:52  Drone  
  70  5:53  Drone x3  
  70  5:54  Drone  
  70  5:55  Zerg Missile Weapons Level 1, Zerg Ground Armor Level 1  
  75  5:57  Drone  
  75  5:58  Extractor, Drone x2  
  75  6:01  Overlord  
  75  6:02  Drone  
  75  6:03  Drone  
  79  6:07  Drone x3  
  79  6:10  Drone  
  82  6:13  Overlord  
  82  6:18  Overlord  
  82  6:21  Overlord  
  82  6:24  Zergling x6  
  82  6:25  Glial Reconstitution  
  85  6:26  Zergling x6  
  85  6:30  Overseer  
  85  6:31  Roach x2  
  92  6:33  Overseer  
  92  6:37  Roach x3  
  98  6:43  Roach x3  
  104  6:49  Overlord  
  104  6:52  Roach x3  
  110  6:56  Roach x2  
  110  6:57  Roach x2  
  110  6:59  Ravager x4  
  110  7:00  Ravager  
  123  7:04  Roach x2  
  123  7:08  Overlord  
  127  7:09  Roach x2  
  127  7:10  Roach  
  127  7:14  Roach  
  127  7:24  Roach x4  
  127  7:26  Drone  
  127  7:28  Drone x2  
  127  7:29  Drone, Overlord x3  
  139  7:36  Overlord  
  139  7:38  Overlord  
  139  7:42  Roach x2  
  143  7:47  Roach  
  143  7:48  Roach x5  
  143  7:50  Roach x2  
  159  7:58  Overlord  
  159  7:59  Overseer  
  159  8:00  Roach x4  
  163  8:08  Roach x4  
  163  8:12  Overlord x2  
  171  8:15  Ravager x4  
  171  8:16  Ravager  
  176  8:22  Roach x3  
  184  8:27  Roach x3  
  184  8:33  Roach x4  
  177  8:46  Roach x7  
  171  8:52  Roach x4  
  165  9:08  Roach x10  
  169  9:25  Roach x5  
  187  9:31  Roach x4  
  187  9:38  Roach x4  
Tags
 
Add a new tag
Caveats
  • Supply blocks, unpowered buildings, or Contaminate may cause inaccurate times.
  • Supply counts are checked every 10 seconds.